 Dungeon Crawl Stone Soup version 0.18-a0-917-g8a3da5b (webtiles) character file.

1294 M4edhros the Covert (level 8, -3/52 HPs)
             Began as an Octopode Artificer on Dec 26, 2015.
             Was a Believer of Fedhas.
             Slain by a hippogriff (5 damage)
             ... on level 7 of the Dungeon.
             The game lasted 00:07:40 (4678 turns).

M4edhros the Covert (Octopode Artificer)            Turns: 4678, Time: 00:07:40

Health: -3/52      AC:  1    Str: 12      XL:     8   Next: 56%
Magic:  12/12      EV: 14    Int: 17      God:    Fedhas [**....]
Gold:   491        SH:  0    Dex: 11 (12) Spells: 0 memorised, 7 levels left

rFire  . . .     SeeInvis .     M - +9 whip "Wiyst" {venom, rPois}
rCold  . . .     Gourm    .     (no shield)
rNeg   . . .     Faith    .     k - +0 hat
rPois  +         Spirit   .     (no amulet)
rElec  .         Dismiss  .     x - ring of sustain attributes
rCorr  .         Reflect  .     (no ring)
SustAt +         Harm     .     (no ring)
MR     .....                    (no ring)
Stlth  +++++.....               (no ring)
                                (no ring)
                                (no ring)
                                (no ring)

@: very slightly contaminated, not resistant to hostile enchantments, quite
stealthy
A: almost no armour, amphibious, 8 rings, constrict 8, camouflage 1,
deterioration 1, mutation resistance 1, strong 1, gelatinous body 1
a: Evolution, Sunlight, Renounce Religion


You were on level 7 of the Dungeon.
You worshipped Fedhas.
Fedhas was pleased with you.
You were not hungry.

You visited 1 branch of the dungeon, and saw 7 of its levels.

You collected 491 gold pieces.

Inventory:

Hand Weapons
 a - a +0 short sword
 m - a +0 dagger of draining
 B - a +2 whip of electrocution
 I - a +0 great sword
 L - a -2 hunting sling
 M - the +9 whip "Wiyst" (weapon) {venom, rPois}
   (You found it on level 6 of the Dungeon)

   It poisons the flesh of those it strikes.
   It protects you from poison.
Missiles
 i - 49 sling bullets
 l - 155 stones (quivered)
 G - 30 sling bullets of flame
 H - 14 exploding sling bullets
Armour
 k - a +0 hat (worn)
Jewellery
 x - a ring of sustain attributes (left tentacle)
Wands
 b - a wand of flame (8/48)
 c - a wand of enslavement (13/24)
 d - a wand of random effects (13/48)
 o - a wand of lightning (7/15)
 C - a wand of disintegration (13/24)
 F - a wand of flame (34/48)
 N - a wand of lightning (7/15)
Scrolls
 h - 2 scrolls of identify
 j - a scroll of remove curse
 n - 3 scrolls of recharging
 t - a scroll of fear
 u - 2 scrolls of amnesia
 v - 4 scrolls of teleportation
 y - 2 scrolls of blinking
 z - 2 scrolls of magic mapping
Potions
 e - 4 potions of heal wounds
 g - a potion of poison {unknown}
 q - a potion of might
Books
 p - a book of Frost

   Spells                             Type                      Level
   a - Freeze                         Ice                          1
   b - Throw Frost                    Conjuration/Ice              2
   c - Ozocubu's Armour               Charms/Ice                   3
   d - Throw Icicle                   Conjuration/Ice              4
   e - Summon Ice Beast               Ice/Summoning                4
   f - Condensation Shield            Ice                          4
 s - a book of Hinderance

   Spells                             Type                      Level
   a - Confusing Touch                Hexes                        2
   b - Confuse                        Hexes                        3
   c - Gell's Gravitas                Hexes/Translocation          3
   d - Petrify                        Transmutation/Earth          4
   e - Metabolic Englaciation         Hexes/Ice                    5
   f - Yara's Violent Unravelling     Hexes/Transmutation          5
 E - a book of Fire

   Spells                             Type                      Level
   a - Ignite Poison                  Fire/Transmutation/Poison    3
   b - Fireball                       Conjuration/Fire             5
   c - Bolt of Fire                   Conjuration/Fire             6
   d - Delayed Fireball               Conjuration/Fire             7
   e - Ring of Flames                 Charms/Fire                  7
Comestibles
 f - 2 bread rations
 D - 2 fruits
 O - a royal jelly


   Skills:
 + Level 3.2 Fighting
 - Level 1.0 Short Blades
 + Level 0.0 Slings
 * Level 6.4 Dodging
 * Level 8.5 Stealth
 + Level 5.7 Evocations


You had 7 spell levels left.
You didn't know any spells.

Dungeon Overview and Level Annotations

Branches:
Dungeon (7/15)
 Temple: D:4-7

Altars:
Ashenzari
Cheibriados
Dithmenos
Fedhas
Pakellas
Qazlal
Ru
Sif Muna
Trog
Vehumet
Yredelemnul
Zin


Innate Abilities, Weirdness & Mutations

You cannot wear most types of armour.
You are amphibious.
You can wear up to eight rings at the same time.
You can use your tentacles to constrict eight enemies at once.
Your skin changes colour to match your surroundings (Stealth).
Your rubbery body absorbs attacks (AC +1).
Your body sometimes deteriorates upon taking damage.
You are somewhat resistant to further mutation.
Your muscles are strong. (Str +2)


Message History

The hippogriff completely misses you.
You hit the hippogriff. You squeeze the hippogriff.
The hippogriff is severely wounded.
The hippogriff seems less confused.
The hippogriff bites you. The hippogriff closely misses you. x2
You whack the hippogriff!
The hippogriff is almost dead.
The hippogriff bites you. The hippogriff pecks you.
The hippogriff claws you but does no damage.
You hit the hippogriff.
The hippogriff is poisoned.
The hippogriff is almost dead.
The hippogriff misses you. The hippogriff pecks you. The hippogriff claws you.
* * * LOW HITPOINT WARNING * * *
The hippogriff bites you.
* * * LOW HITPOINT WARNING * * *
The hippogriff pecks you.
* * * LOW HITPOINT WARNING * * *
The hippogriff claws you.
You die...
Fedhas appreciates your contribution to the ecosystem.

.........##.###.# #..(#
.# .........##.....###..#
.# ..[...#...#...##....#
..#
......#.....#.......###.#
..... ###...........#...
....# #.).........#.#
#### ##..f.........###
###..#.........#
##f@H#>....#.###
#...........[....
#.###.............
###.#......#...####.##
##.....###.##.### ..
###### #..##.## #.##.# .
.....### ##.###.# #....#
## .....'_###..###.#
###..########.
.....###...###..#
#ff<.....##.


You could see a hippogriff and 2 friendly wandering mushrooms.

Vanquished Creatures
  2 ogres
  A centaur (D:5)
  2 giant frogs (D:6)
  A scorpion (D:4)
  2 jellies
  2 hounds
  2 giant frog skeletons
  4 crimson imps
  3 orc wizards
  A worker ant (D:4)
  Ijyb (D:3)
  2 iguanas
  A hound skeleton (D:7)
  3 adders
  3 adder skeletons
  6 worms
  6 giant geckos
  12 orcs
  2 ball pythons
  5 giant cockroaches
  11 goblins
  13 hobgoblins
  2 quokkas
  10 bats
  5 giant newts
  3 jackals (D:7)
  10 kobolds
  8 rats
123 creatures vanquished.

Vanquished Creatures (collateral kills)
  An ice beast (D:7)
  A phantom (D:5)
  An orc warrior (D:6)
  A crimson imp (D:5)
  A centaur skeleton (D:5)
  An orc wizard (D:6)
  An adder zombie (D:6)
  A giant gecko (D:3)
  3 orcs (D:6)
  A jackal (D:7)
12 creatures vanquished.

Vanquished Creatures (others)
  A killer bee zombie (D:6)
  A wandering mushroom (D:7)
  84 toadstools
86 creatures vanquished.

Grand Total: 221 creatures vanquished

Notes
Turn   | Place    | Note
--------------------------------------------------------------
     0 | D:1      | M4edhros the Octopode Artificer began the quest for the Orb.
     0 | D:1      | Reached XP level 1. HP: 13/13 MP: 3/3
   107 | D:1      | Reached XP level 2. HP: 2/18 MP: 4/4
   469 | D:2      | Reached XP level 3. HP: 20/23 MP: 5/5
   947 | D:3      | Noticed Ijyb
   955 | D:3      | Killed Ijyb
   955 | D:3      | Reached XP level 4. HP: 21/28 MP: 6/6
  1028 | D:3      | Reached skill level 4 in Stealth
  1350 | D:4      | Reached XP level 5. HP: 28/33 MP: 8/8
  1357 | D:4      | Found a blossoming altar of Fedhas.
  1392 | D:4      | Became a worshipper of Fedhas Madash
  1701 | D:2      | Found an oddly glowing altar of Pakellas.
  1701 | D:2      | Found a shattered altar of Ashenzari.
  1852 | D:2      | Found a bloodstained altar of Trog.
  1856 | D:2      | Found a glowing silver altar of Zin.
  1857 | D:2      | Found a snail-covered altar of Cheibriados.
  2085 | D:2      | Reached * piety under Fedhas
  2305 | D:1      | Reached XP level 6. HP: 36/38 MP: 9/9
  2525 | D:3      | Found a sacrificial altar of Ru.
  2530 | D:3      | Reached skill level 5 in Stealth
  2693 | D:4      | Found a shadowy altar of Dithmenos.
  2786 | D:4      | Noticed an air elemental
  2788 | D:4      | Found a stormy altar of Qazlal.
  2789 | D:4      | Noticed a water elemental
  2789 | D:4      | Noticed a fire elemental
  2953 | D:5      | Entered Level 5 of the Dungeon
  3067 | D:5      | Reached skill level 5 in Dodging
  3067 | D:5      | Reached skill level 6 in Stealth
  3067 | D:5      | Reached XP level 7. HP: 40/44 MP: 10/10
  3090 | D:5      | Reached ** piety under Fedhas
  3258 | D:5      | Found a radiant altar of Vehumet.
  3341 | D:5      | Noticed a moth of wrath
  3345 | D:5      | Found a bloodstained altar of Trog.
  3506 | D:5      | Reached skill level 5 in Evocations
  3725 | D:6      | Reached skill level 7 in Stealth
  3795 | D:6      | Found a basalt altar of Yredelemnul.
  3877 | D:6      | Reached XP level 8. HP: 17/51 MP: 11/11
  4015 | D:6      | Reached skill level 8 in Stealth
  4271 | D:6      | Got a scorched whip
  4272 | D:6      | Identified the +9 whip "Wiyst" {venom, rPois} (You found it on level 6 of the Dungeon)
  4548 | D:7      | Gained mutation: Your body sometimes deteriorates upon taking damage. [potion of mutation]
  4548 | D:7      | Gained mutation: Your muscles are strong. (Str +2) [potion of mutation]
  4552 | D:7      | Gained mutation: You are somewhat resistant to further mutation. [potion of mutation]
  4618 | D:7      | Found a deep blue altar of Sif Muna.
  4678 | D:7      | HP: 2/52 [hippogriff (6)]
  4678 | D:7      | Slain by a hippogriff

Vault maps used:
D:1:      lightli_arrival_boilingwater
D:2:      kennysheep_six_static_rooms, nicolae_overflow_hidden_temple,
          grunt_temple_overflow_open
D:3:      nicolae_ru_great_annihilating_truth, uniq_iyjb
D:4:      fedhas_altar_3, nicolae_qazlal_style_of_elements,
          nicolae_dithmenos_shadow_blocks
D:5:      fiery_altar_vehumet, first_bread, tgw_trog
D:6:      basic_altar, hangedman_decor_opposing
D:7:      lemuel_blue_sif_altar, old_standard_altar,
          minmay_temple_entry_junction2

Action                   |  1- 3 |  4- 6 |  7- 9 || total
-------------------------+-------+-------+-------++-------
Melee: Short sword       |    25 |       |       ||    25
       Dagger            |    20 |    69 |     1 ||    90
       Whip              |       |    76 |    84 ||   160
Invok: Evolution         |       |       |     3 ||     3
Evoke: Wand              |     4 |     3 |     4 ||    11
  Use: Scroll            |       |       |     8 ||     8
       Potion            |       |       |     8 ||     8
 Stab: Sleeping          |     7 |    14 |     4 ||    25
  Eat: Chunk             |       |     1 |       ||     1
       Beef jerky        |       |     1 |       ||     1
       Meat ration       |       |     1 |       ||     1
       Bread ration      |       |       |     1 ||     1
